 Dungeon Crawl Stone Soup version 0.27-a0-1189-gb8eb6cee8e (webtiles) character file.

Game seed: 146033014945998441

23 roflturtle the Skirmisher (level 2, -6/27 HPs)
             Began as a Hill Orc Fighter on May 22, 2021.
             Killed by nerve-wracking pain
             ... invoked by an orc priest
              (13 damage)
             ... on level 2 of the Dungeon.
             The game lasted 00:03:56 (1006 turns).

roflturtle the Skirmisher (Hill Orc Fighter)        Turns: 1006, Time: 00:03:57

Health: -6/27      AC:  6    Str: 18    XL:     2   Next: 95%
Magic:  2/2        EV:  7    Int:  8    God:
Gold:   46         SH:  9    Dex: 10    Spells: 1/1 levels left

rFire    . . .     SeeInvis .   a - +0 war axe
rCold    . . .     Faith    .   c - +0 kite shield
rNeg     . . .     Spirit   .   b - +0 scale mail
rPois    .         Reflect  .   (no helmet)
rElec    .         Harm     .   (no cloak)
rCorr    .         Rampage  .   (no gloves)
Will     .....                  (no boots)
Stlth    ..........             (no amulet)
HPRegen  0.09/turn              (no ring)
MPRegen  0.08/turn              (no ring)

@: no status effects
A: no striking features
a: Convert to Beogh


You were on level 2 of the Dungeon.
You visited 1 branch of the dungeon, and saw 3 of its levels.

You collected 46 gold pieces.

Inventory:

Hand Weapons
 a - a +0 war axe (weapon)
Armour
 b - a +0 scale mail (worn)
 c - a +0 kite shield (worn)
 g - a +0 chain mail
Scrolls
 e - a scroll of holy word {unknown}
 f - a scroll of fear {unknown}
 h - a scroll of blinking {unknown}
 i - a scroll of enchant weapon {unknown}
Potions
 d - a potion of might


   Skills:
 - Level 4.1 Fighting
 + Level 3.9 Axes
 - Level 3.2 Armour
 - Level 3.2 Shields


You had one spell level left.
You didn't know any spells.
Your spell library was empty.

Dungeon Overview and Level Annotations

Branches:
Dungeon (3/15)

Altars:


Message History

You struggle against the net.
You shred the net and break free! You slash the hobgoblin!
You kill the hobgoblin!
An endoplasm comes into view.
You see here a hobgoblin corpse.
The endoplasm quivers.
There is a stone staircase leading up here.
An endoplasm is nearby!
An endoplasm is nearby!
An endoplasm is nearby!
You slash the endoplasm!
You kill the endoplasm!
There is a stone staircase leading up here.
You start resting.
HP restored.
You climb upwards.
The orc priest mumbles some strange prayers to Beogh against you.
Pain shoots through your body!
The orc wizard gestures at itself while chanting.
The orc wizard flickers and vanishes!
Deactivating autopickup; reactivate with Ctrl-A.
There is a stone staircase leading down here.
The orc priest shouts, "Beogh is our master!
Accept the truth or die!"
You hit the orc priest but do no damage.
The orc priest barely misses you.
You closely miss the orc priest.
The orc priest mumbles some strange prayers to Beogh against you.
Beogh smites you!
* * * LOW HITPOINT WARNING * * *
You block the orc priest's attack.
You hit the orc priest.
The orc priest is moderately wounded.
The orc priest begins to cast a cantrip, but forgets the words!
The orc priest shouts, "Beogh is our master!
Accept the truth or die!"
You hit the orc priest but do no damage.
The orc priest is moderately wounded.
The orc priest calls down the wrath of Beogh upon you.
Pain shoots through your body!
You die...

#.# #.# #### #.# ... #.# ##.##
# ####.##########...##.##
########........@o)....#.....#
..............########...#
#####..........# ##.##
#.###)....## #o# #.# ##...##
#.# #.......## #.# #######.#
... #.# ... #.# ...


You could see an orc priest.

Vanquished Creatures
  A dart slug (D:1)
  2 orcs
  A bat (D:2)
  2 endoplasms
  2 hobgoblins
  3 kobolds (D:1)
  A ball python (D:1)
  2 frilled lizards (D:1)
  3 goblins
  2 rats (D:1)
19 creatures vanquished.

Vanquished Creatures (others)
  17 plants (D:3)
17 creatures vanquished.

Grand Total: 36 creatures vanquished

Notes
Turn   | Place    | Note
-------+----------+-------------------------------------------
     0 | D:1      | roflturtle the Hill Orc Fighter began the quest for the
                  | Orb.
     0 | D:1      | Reached XP level 1. HP: 19/19 MP: 1/1
    60 | D:1      | Found a faded altar of an unknown god.
   285 | D:1      | Reached skill level 4 in Fighting
   285 | D:1      | Reached XP level 2. HP: 27/27 MP: 2/2
  1006 | D:2      | Killed from afar by an orc priest

Illustrated notes

Levels and vault maps discovered:
D:1:      wander_arrival_peaceful_grave, layout_basic,
          shapermc_ecumenical_altar_mp_highgroup, st_stairs_5, chequers_garden
D:2:      layout_loops_ring
D:3:      layout_basic, serial_bayou, serial_bayou_lake_a, serial_bayou_shore_b,
          serial_bayou_lagoon_b, serial_bayou_ford_a

Skill      XL: |  1 |
---------------+----+-----
Axes           | 3 |  3.9
Fighting       | 4 |  4.1
Armour         | |  3.2
Shields        | |  3.2

Action                   || total
-------------------------++-------
Melee: War axe           ||    40
Armor: Scale mail        ||    13
Dodge: Dodged            ||     9
Block: Kite shield       ||    14

Table legend: (Time is in decaauts)
 A = Elapsed time spent in this place.
 B = Non-inter-level travel time spent in this place.
 C = Inter-level travel time spent in this place.
 D = Time resting spent in this place.
 E = Time spent auto-exploring this place.
 F = Levels seen in this place.
 G = Mean time per level.
                   A        B        C        D        E       F      G
               +--------+--------+--------+--------+--------+-----+--------+
         Total |   1027 |   1016 |     11 |    249 |    520 |   3 |  342.3 |
       Dungeon |   1027 |   1016 |     11 |    249 |    520 |   3 |  342.3 |
               +--------+--------+--------+--------+--------+-----+--------+

Top non-repeatable levels by time:
     D:1: 557 daAuts
     D:3: 272 daAuts
     D:2: 197 daAuts
